 Dungeon Crawl Stone Soup version 0.21.1 (webtiles) character file.

706 Mesmaeker13 the Slasher (level 7, 0/60 HPs)
             Began as a Demigod Gladiator on Feb 4, 2018.
             Slain by an ice beast (12 damage)
             ... on level 5 of the Dungeon.
             The game lasted 00:06:24 (5042 turns).

Mesmaeker13 the Slasher (Demigod Gladiator)         Turns: 5042, Time: 00:06:24

Health: 0/60       AC:  8    Str: 19    XL:     7   Next: 16%
Magic:  9/9        EV: 11    Int: 14    God:
Gold:   218        SH:  5    Dex: 17    Spells: 6/6 levels left

rFire    . . .     SeeInvis .   a - +0 long sword
rCold    . . .     Gourm    .   p - +0 buckler
rNeg     . . .     Faith    .   i - +0 scale mail
rPois    .         Spirit   .   c - +0 helmet
rElec    .         Reflect  .   (no cloak)
rCorr    .         Harm     .   (no gloves)
MR       +....                  (no boots)
Stlth    ..........             (no amulet)
HPRegen  0.20/turn              h - ring of protection from magic
MPRegen  0.11/turn              (no ring)

@: no status effects
A: high mp 1
a: no special abilities


You were on level 5 of the Dungeon.
You were hungry.

You visited 1 branch of the dungeon, and saw 5 of its levels.

You collected 218 gold pieces.

Inventory:

Hand Weapons
 a - a +0 long sword (weapon)
Armour
 c - a +0 helmet (worn)
 i - a +0 scale mail (worn)
 p - a +0 buckler (worn)
Jewellery
 h - a ring of protection from magic (left hand)
 r - a +3 ring of strength
 u - an uncursed ring of magical power {unknown}
 v - an uncursed ring of fire
 w - an uncursed amulet of guardian spirit {unknown}
Wands
 x - a wand of enslavement (22)
Scrolls
 d - 3 scrolls of amnesia
 e - a scroll of blinking {unknown}
 l - a scroll of magic mapping {unknown}
 m - a scroll of fog {unknown}
 o - a scroll of immolation {unknown}
 q - a scroll of enchant weapon {unknown}
Potions
 b - a potion of flight {unknown}
 g - 3 potions of invisibility
 j - 2 potions of curing {unknown}
 k - a potion of lignification {unknown}
 n - a potion of berserk rage {unknown}
 s - a potion of agility {unknown}
 t - a potion of resistance {unknown}
Books
 y - a book of Minor Magic

   Spells                             Type                      Level
   a - Magic Dart                     Conjuration                  1
   b - Blink                          Translocation                2
   c - Call Imp                       Summoning                    2
   d - Slow                           Hexes                        2
   e - Conjure Flame                  Conjuration/Fire             3
   f - Mephitic Cloud                 Conjuration/Poison/Air       3
Comestibles
 f - 12 rations


   Skills:
 + Level 4.3 Fighting
 + Level 4.7 Long Blades
 - Level 1.7 Throwing
 + Level 3.4 Armour
 - Level 3.0 Dodging
 + Level 2.4 Shields


You had 6 spell levels left.
You didn't know any spells.

Dungeon Overview and Level Annotations

Branches:
Dungeon (5/15)
 Temple: D:4-7

Shops:
D:4 *

Annotations:
D:4 1 runed door


Innate Abilities, Weirdness & Mutations

You have an increased reservoir of magic. (+10% MP)


Message History

You are too injured to fight recklessly!
You closely miss the ice beast.
The ice beast is moderately wounded.
You block the ice beast's attack.
You slash the ice beast!
The ice beast is severely wounded.
You block the ice beast's attack.
You barely miss the ice beast.
The ice beast is severely wounded.
The ice beast hits you. The ice beast freezes you!
* * * LOW HITPOINT WARNING * * *
You hit the ice beast.
The ice beast is severely wounded.
The ice beast barely misses you.
You closely miss the ice beast.
The ice beast is severely wounded.
The ice beast hits you.
* * * LOW HITPOINT WARNING * * *
The ice beast freezes you!
You die...

#≈####'####≈# #.# #
#≈§≈§≈.≈≈≈≈≈# #.# #
######.###### #.# #
#.#####.[############### #.# #
.........#.............# #.# #
#.######.#.###########.###.# #
#.#.# ######.....#.# # #.#.#
#............#####
######.#.####@####.#..........
..............Y# #.###.#######
.############### #.....#
#######


You could see an ice beast.

Vanquished Creatures
  Grinder (D:4)
  2 ogres (D:4)
  A crimson imp (D:5)
  A jelly (D:5)
  A bullfrog skeleton (D:4)
  Jessica (D:2)
  Natasha (thrice) (D:2)
  Robin (D:2)
  4 adders
  A howler monkey skeleton (D:4)
  A worm (D:4)
  4 leopard geckos
  6 orcs
  7 giant cockroaches
  15 hobgoblins
  9 jackals
  5 kobolds
  3 quokkas
  7 bats
  10 frilled lizards
  15 goblins
  2 leopard gecko skeletons
  5 rats
105 creatures vanquished.

Vanquished Creatures (others)
  A withered plant (D:4)
1 creature vanquished.

Grand Total: 106 creatures vanquished

Notes
Turn   | Place    | Note
-------+----------+-------------------------------------------
     0 | D:1      | Mesmaeker13 the Demigod Gladiator began the quest for the Orb.
     0 | D:1      | Reached XP level 1. HP: 17/17 MP: 3/3
   437 | D:1      | Reached XP level 2. HP: 24/24 MP: 4/4
  1162 | D:1      | Reached XP level 3. HP: 28/30 MP: 5/5
  1416 | D:2      | Found a basalt altar of Yredelemnul.
  1459 | D:2      | Found a shattered altar of Ashenzari.
  1487 | D:2      | Noticed Jessica
  1499 | D:2      | Killed Jessica
  1499 | D:2      | Reached skill level 1 in Armour
  1519 | D:2      | Noticed Robin
  1539 | D:2      | Reached XP level 4. HP: 20/37 MP: 6/6
  1550 | D:2      | Killed Robin
  1889 | D:2      | Found a faded altar of an unknown god.
  2124 | D:2      | Noticed Natasha
  2133 | D:2      | Killed Natasha
  2143 | D:2      | Noticed Natasha
  2154 | D:2      | Killed Natasha
  2244 | D:2      | Noticed Natasha
  2252 | D:2      | Killed Natasha
  2252 | D:2      | Reached XP level 5. HP: 26/45 MP: 7/7
  3497 | D:4      | Noticed an ogre
  3515 | D:4      | Killed an ogre
  3515 | D:4      | Reached skill level 1 in Shields
  3515 | D:4      | Reached XP level 6. HP: 52/52 MP: 8/8
  3758 | D:4      | Found a runed door.
  4022 | D:4      | Found an iron altar of Okawaru.
  4142 | D:4      | Noticed Grinder
  4170 | D:4      | Killed Grinder
  4170 | D:4      | Reached XP level 7. HP: 54/59 MP: 9/9
  4336 | D:4      | Found Cyteitucad's Assorted Antiques.
  4341 | D:5      | Entered Level 5 of the Dungeon
  4822 | D:5      | Found a bloodstained altar of Trog.
  5003 | D:4      | Found an iron altar of Okawaru.
  5042 | D:5      | Slain by an ice beast

Skill      XL: |  1  2  3  4  5  6 |
---------------+-------------------+-----
Fighting       | 2 3 4 |  4.3
Dodging        | 3 |  3.0
Long Blades    | 3 4 |  4.7
Armour         | 1 2 3 |  3.4
Shields        | 1 2 |  2.4
Throwing       | |  1.7

Action                   |  1- 3 |  4- 6 |  7- 9 || total
-------------------------+-------+-------+-------++-------
Melee: Long sword        |   123 |   175 |    47 ||   345
Throw: Throwing net      |       |     4 |     1 ||     5
  Use: Scroll            |     1 |     3 |       ||     4
 Stab: Held in net/web   |       |     5 |       ||     5
  Eat: Chunk             |     2 |     9 |     2 ||    13
Armor: Leather armour    |    24 |       |       ||    24
       Scale mail        |    24 |    66 |    12 ||   102
Dodge: Dodged            |   101 |    89 |    25 ||   215
Block: Buckler           |       |    28 |    13 ||    41
       Rpst.: Long sword |    23 |    29 |     5 ||    57
